 Dungeon Sprint DCSS version 0.24.0-125-gc4c63601f3 (webtiles) character file.

Game seed: 17231415840196317352, levelgen mode: deterministic

8593 Ponchio the Eclecticist (level 11, -2/71 HPs)
             Began as a Deep Elf Earth Elementalist on Feb 17, 2020.
             Was a Follower of Vehumet.
             Shot with an arrow by Nessos (16 damage)
             ... in the Dungeon (Sprint II: "The Violet Keep of Menkaure").
             The game lasted 00:24:21 (2504 turns).

Ponchio the Eclecticist (DEEE)                      Turns: 2504, Time: 00:24:21

Health: -2/71      AC:  3    Str:  5      XL:     11   Next: 11%
Magic:  31/45      EV: 21    Int: 24      God:    Vehumet [*.....]
Gold:   369        SH:  0    Dex: 21 (22) Spells: 33/48 levels left

rFire    . . .     SeeInvis .   (no weapon)
rCold    + . .     Gourm    .   (no shield)
rNeg     . . .     Faith    .   c - +1 robe
rPois    .         Spirit   .   (no helmet)
rElec    .         Reflect  .   (no cloak)
rCorr    .         Harm     .   (no gloves)
MR       ++...     NoTele   +   (no boots)
Stlth    ++........             (no amulet)
HPRegen  0.21/turn              h - ring "Yghoicku" {rC+ MP+9 Dex+7 Stlth+}
MPRegen  0.29/turn              (no ring)

@: very slow
A: deterioration 1, magic resistance 1
a: Renounce Religion


You were in the Dungeon.
You worshipped Vehumet.
Vehumet was aware of your devotion.
You were very hungry.

You visited 1 branch You collected 1215 gold pieces.
You spent 846 gold pieces at shops.

Inventory:

Missiles
 b - 6 stones (quivered)
Armour
 c - a +1 robe (worn)
Jewellery
 h - the ring "Yghoicku" (left hand) {rC+ MP+9 Dex+7 Stlth+}
   (You bought it in a shop in the Dungeon)

   [ring of magical power]

   It affects your dexterity (+7).
   It protects you from cold.
   It affects your magic capacity (+9).
   It makes you more stealthy.
Potions
 d - 2 potions of might
 f - a potion of heal wounds
 g - a potion of haste
 i - a potion of berserk rage


   Skills:
 - Level 9.6 Fighting
 - Level 10.0 Dodging
 - Level 2.4 Stealth
 + Level 19.4 Spellcasting
 - Level 1.1 Transmutations
 * Level 18.0 Earth Magic


You had 33 spell levels left.
You knew the following spells:

 Your Spells              Type           Power        Failure   Level  Hunger
a - Sandblast             Erth           ######       0%          1    None
b - Passwall              Tmut/Erth      ######..     1%          2    None
c - Stone Arrow           Conj/Erth      ######       1%          3    None
d - Petrify               Tmut/Erth      ######..     1%          4    None
e - Lee's Rapid Deconstr  Erth           #######...   1%          5    None

Your spell library contained the following spells:

 Spells                   Type           Power        Failure   Level  Hunger
 Shock                    Conj/Air       ###.         1%          1    None
 Leda's Liquefaction      Hex/Erth       ######....   1%          4    None
 Borgnjor's Vile Clutch   Necr/Erth      ######....   1%          5    None
 Statue Form              Tmut/Erth      ######...    6%          6    ###....


Dungeon Overview and Level Annotations

Branches:
Dungeon (1/1)

Altars:
Cheibriados
Dithmenos
Elyvilon
Fedhas
Gozag
Hepliaklqana
Kikubaaqudgha
Makhleb
Nemelex Xobeh
Okawaru
Qazlal
Ru
Sif Muna
Trog
Uskayaw
Vehumet
Wu Jian
Xom
Yredelemnul
Zin
The Shining One
Beogh
Jiyva
Lugonu

Shops:
D %!:%=[}}[*=?(:(!%[}:

Annotations:
D exclusion: oklob plant, Nessos


Innate Abilities, Weirdness & Mutations

Your body sometimes deteriorates upon taking damage.
You are resistant to hostile enchantments. (MR+)


Message History

Confirm with . or Enter, or press ? or * to list all spells.
Aiming: Petrify (safe; 1% risk of failure)
Press: ? - help, Shift-Dir - straight line, f - Nessos
Aim: Nessos, wielding a +1 longbow of flaming and wearing a +2 centaur barding of stealth (lightly wounded, fast, chance to defeat MR: 77%) Nessos barely resists.
Nessos shoots an arrow.
The arrow hits you!!
* * * LOW HITPOINT WARNING * * *
The arrow burns you.
You are lethally poisoned!
* * * LOW HITPOINT WARNING * * *
You hear a splash.
Nessos pounds the earth with their hooves.
You feel better.
Nessos unwields a +1 longbow of flaming.
It stops flaming.
Nessos hits you!
* * * LOW HITPOINT WARNING * * *
Nessos barely misses you. Nessos says, "Study your classics!"
Nessos wields a +1 longbow of flaming.
It bursts into flame!
Nessos shoots an arrow.
The arrow hits you!
You die...

.##≈≈≈≈≈≈≈§.≈#...._._.#≈≈§≈##
##≈≈≈§§≈≈≈≈≈§#..._._._#≈§§§≈##
≈≈≈≈≈≈§≈≈≈§§≈#.._._._.#§§≈§§≈#
+++#≈≈§≈≈≈§§≈#._._._._#§§≈§§≈+
§§ ##≈≈§###§≈#_._._._.#§§§§§≈#
§§≈§ #≈≈# #≈≈#._._._..#§§§§§§▓
≈≈§§≈+≈≈#+#§§#.._._._.#§§§≈▓▓▓▓
≈≈§§##≈≈§≈≈≈≈##########≈§≈≈▓zz.
≈≈≈###########≈(@≈≈≈≈≈≈§≈≈≈▓zz.
####.≈.§§§§###c########≈▓▓▓▓▓▓▓▓
###§§≈§§§§≈.##§# #▓▓
.+≈≈§§≈§≈§§≈§§§#
≈##§≈§§§§§§≈#### ..##≈§≈≈≈§§##
...######### ...+


+333+ #### ##### You could see Nessos.

Vanquished Creatures
  Roxanne (D)
  Kirke (D)
  A yaktaur captain (D)
  An ice dragon (D)
  A centaur warrior (D)
  A skeletal warrior (D)
  An elephant (D)
  A merfolk siren (D)
  A kobold demonologist (D)
  A yaktaur (D)
  3 polar bears (D)
  2 tyrant leeches (D)
  A hornet (D)
  4 neqoxecs (D)
  Menkaure (D)
  A swamp drake (D)
  3 crocodiles (D)
  9 electric eels (D)
  A hell rat (D)
  3 worms (D)
38 creatures vanquished.

Vanquished Creatures (others)
  A crocodile (D)
  4 tentacles (D)
5 creatures vanquished.

Grand Total: 43 creatures vanquished

Notes
Turn   | Place    | Note
-------+----------+-------------------------------------------
     0 | D        | Ponchio the Deep Elf Earth Elementalist began the quest for
                  | the Orb.
     0 | D        | Reached XP level 1. HP: 10/10 MP: 6/6
    16 | D        | Reached skill level 4 in Spellcasting
    17 | D        | Reached skill level 5 in Earth Magic
    17 | D        | Reached XP level 2. HP: 12/15 MP: 6/9
    21 | D        | Learned a level 2 spell: Passwall
    80 | D        | Noticed a merfolk siren
    84 | D        | Noticed a tyrant leech
    84 | D        | Noticed a tyrant leech
    90 | D        | Noticed a neqoxec
   103 | D        | Killed a merfolk siren
   103 | D        | Reached skill level 12 in Spellcasting
   103 | D        | Reached XP level 3. HP: 19/19 MP: 0/18
   103 | D        | Reached XP level 4. HP: 24/24 MP: 0/20
   103 | D        | Reached XP level 5. HP: 28/28 MP: 0/21
   103 | D        | Reached XP level 6. HP: 32/32 MP: 0/23
   231 | D        | Learned a level 3 spell: Stone Arrow
   236 | D        | Learned a level 4 spell: Petrify
   242 | D        | Learned a level 5 spell: Lee's Rapid Deconstruction
   251 | D        | Killed a tyrant leech
   251 | D        | Reached skill level 5 in Dodging
   251 | D        | Reached XP level 7. HP: 44/44 MP: 13/24
   253 | D        | Killed a tyrant leech
   380 | D        | Noticed a neqoxec
   381 | D        | Killed a neqoxec
   381 | D        | Killed a neqoxec
   382 | D        | Killed a neqoxec
   382 | D        | Reached XP level 8. HP: 54/54 MP: 9/26
   520 | D        | Found Hiwiwnoy's Magic Scroll Emporium.
   520 | D        | Found Izikuun's Book Emporium.
   520 | D        | Found Faschan's Distillery.
   520 | D        | Found Diffamme's Jewellery Shoppe.
   520 | D        | Found Fioly's Weapon Shoppe.
   521 | D        | Found Hoem's Antique Armour Shoppe.
   521 | D        | Found Innaoxo's Antique Armour Emporium.
   521 | D        | Found Okeit's Antique Weapon Shoppe.
   521 | D        | Found Acwoever's Food Shoppe.
   522 | D        | Found Wuoppele's Gadget Shoppe.
   522 | D        | Found Ashoz's Gadget Emporium.
   948 | D        | Reached skill level 10 in Dodging
  1078 | D        | Found Zytudaar's Antique Armour Emporium.
  1078 | D        | Found Feq Hoen's Jewellery Shoppe.
  1078 | D        | Noticed Menkaure
  1078 | D        | Noticed an oklob plant
  1081 | D        | Found Sefo's Distillery.
  1081 | D        | Found Nolismur's Book Shoppe.
  1081 | D        | Found Muotekis's Food Emporium.
  1088 | D        | Killed Menkaure
  1091 | D        | Noticed Kirke
  1121 | D        | Noticed a kobold demonologist
  1121 | D        | Noticed a skeletal warrior
  1124 | D        | Noticed a yaktaur captain
  1125 | D        | Killed a kobold demonologist
  1125 | D        | Reached skill level 13 in Spellcasting
  1125 | D        | Reached XP level 9. HP: 61/61 MP: 6/28
  1148 | D        | Killed Kirke
  1148 | D        | Reached skill level 15 in Spellcasting
  1207 | D        | Noticed an elephant
  1210 | D        | Noticed a centaur warrior
  1213 | D        | Killed a centaur warrior
  1213 | D        | Reached skill level 16 in Spellcasting
  1213 | D        | Reached XP level 10. HP: 55/66 MP: 16/32
  1216 | D        | Killed an elephant
  1339 | D        | Killed a skeletal warrior
  1339 | D        | Reached skill level 17 in Spellcasting
  1339 | D        | Reached skill level 15 in Earth Magic
  1437 | D        | Noticed a death yak
  1474 | D        | Bought the ring "Yghoicku" {rC+ MP+9 Dex+7 Stlth+} for 618
                  | gold pieces
  1481 | D        | Bought a potion of curing for 36 gold pieces
  1481 | D        | Bought 2 potions of mutation for 192 gold pieces
  1481 | D        | Gained mutation: You occasionally shout uncontrollably at
                  | your foes. [potion of mutation]
  1481 | D        | Gained mutation: Your body sometimes deteriorates upon
                  | taking damage. [potion of mutation]
  1481 | D        | Gained mutation: You are resistant to electric shocks.
                  | (rElec) [potion of mutation]
  1482 | D        | Lost mutation: Your body sometimes deteriorates upon taking
                  | damage. [potion of mutation]
  1482 | D        | Lost mutation: You are resistant to electric shocks.
                  | (rElec) [potion of mutation]
  1482 | D        | Lost mutation: You occasionally shout uncontrollably at
                  | your foes. [potion of mutation]
  1482 | D        | Gained mutation: You are resistant to hostile enchantments.
                  | (MR+) [potion of mutation]
  1482 | D        | Gained mutation: Your body sometimes deteriorates upon
                  | taking damage. [potion of mutation]
  1482 | D        | Gained mutation: Your spells are a little easier to cast,
                  | but a little less powerful. [potion of mutation]
  1482 | D        | Lost mutation: Your spells are a little easier to cast, but
                  | a little less powerful. [potion of mutation]
  1545 | D        | Killed a yaktaur captain
  1740 | D        | Noticed an ice dragon
  1753 | D        | Killed an ice dragon
  1753 | D        | Reached skill level 18 in Spellcasting
  1997 | D        | Found a snail-covered altar of Cheibriados.
  1998 | D        | Found a shadowy altar of Dithmenos.
  1999 | D        | Found a white marble altar of Elyvilon.
  1999 | D        | Found an ancient bone altar of Kikubaaqudgha.
  1999 | D        | Found a roughly hewn altar of Beogh.
  1999 | D        | Found a viscous altar of Jiyva.
  2000 | D        | Found a blossoming altar of Fedhas.
  2000 | D        | Found a corrupted altar of Lugonu.
  2000 | D        | Found a shimmering blue altar of Sif Muna.
  2001 | D        | Found an opulent altar of Gozag.
  2001 | D        | Found a burning altar of Makhleb.
  2001 | D        | Found a bloodstained altar of Trog.
  2002 | D        | Found a sparkling altar of Nemelex Xobeh.
  2002 | D        | Found a hide-covered altar of Uskayaw.
  2002 | D        | Found a basalt altar of Yredelemnul.
  2003 | D        | Found an iron altar of Okawaru.
  2003 | D        | Found a radiant altar of Vehumet.
  2003 | D        | Found a glowing silver altar of Zin.
  2003 | D        | Found a hazy altar of Hepliaklqana.
  2003 | D        | Found a sacrificial altar of Ru.
  2003 | D        | Found a shimmering altar of Xom.
  2004 | D        | Found a stormy altar of Qazlal.
  2004 | D        | Found an ornate altar of the Wu Jian Council.
  2004 | D        | Found a glowing golden altar of the Shining One.
  2017 | D        | Identified Roxanne's Grimoire of the Rocks
  2017 | D        | Noticed Roxanne
  2161 | D        | Became a worshipper of Vehumet
  2191 | D        | Noticed a kraken
  2205 | D        | Reached * piety under Vehumet
  2205 | D        | Offered knowledge of Shock by Vehumet.
  2251 | D        | Killed Roxanne
  2251 | D        | Reached skill level 19 in Spellcasting
  2251 | D        | Reached XP level 11. HP: 71/71 MP: 22/36
  2330 | D        | Noticed a sixfirhy
  2335 | D        | Noticed a sixfirhy
  2338 | D        | Noticed a sixfirhy
  2346 | D        | Found Ackoorikh's Book Shoppe.
  2347 | D        | Found Lallol's Gadget Boutique.
  2370 | D        | Found Vum Dobuwn's General Store.
  2373 | D        | Found Kets's Food Shop.
  2374 | D        | Noticed Nessos
  2504 | D        | Shot with an arrow by Nessos

Levels and vault maps discovered:
D:        the_violet_keep_of_menkaure [sprint2_stairs_cluster_1,
          sprint2_shoproom, sprint2_temple, sprint2_basic_supplies,
          sprint2_obstacle_7, sprint2_obstacle_6, sprint2_obstacle_5,
          sprint2_obstacle_4, sprint2_obstacle_2, sprint2_timed_cluster_1,
          sprint2_smallroom_cluster_1, sprint2_smallroom_final_cluster_1,
          sprint2_transparent_cluster_1, sprint2_second_timed_cluster_1,
          sprint2_sniper_area_1, sprint2_heavy_combat_area_1,
          sprint2_mutation_trap_area_1, sprint2_forest_area_1,
          sprint2_light_combat_area_1, sprint2_behind_water_1,
          sprint2_near_end_vault_1]

Skill      XL: |  1  2  3  4  5  6  7  8  9 10 |
---------------+-------------------------------+-----
Earth Magic    | 5 11 14 18 | 18.0
Spellcasting   | 4 12 13 16 19 | 19.4
Fighting       | 4 8 9 |  9.6
Dodging        | 5 8 10 | 10.0
Stealth        | |  2.4
Transmutations | |  1.1

Action                   |  1- 3 |  4- 6 |  7- 9 | 10-12 || total
-------------------------+-------+-------+-------+-------++-------
Melee: Unarmed           |       |       |       |     1 ||     1
 Cast: Sandblast         |    15 |     1 |       |     8 ||    24
       Lee's Rapid Decon |       |     1 |    27 |    36 ||    64
       Petrify           |       |       |       |     3 ||     3
  Use: Potion            |     1 |       |     1 |     4 ||     6
       Scroll            |       |       |       |     3 ||     3
  Eat: Ration            |       |       |     1 |       ||     1
       Chunk             |       |       |       |     3 ||     3
Dodge: Dodged            |       |       |     7 |    17 ||    24
